AoeStats
← samquaintance

Arena

510263769Analyzed
1v1 RM · 2d ago on Sep 30, 2026· 42m 25s· 2 players
Game mode
Random Map
Map size
Tiny (2 player)
Population
200
Speed
Normal
Resources
Standard
Victory
Conquest
Starting age
Dark Age
Ending age
Imperial Age
RankedLock teamsTeams togetherTeam positionsShared explorationLock speedFull tech treeHidden civsTurbo modeCheats
Victory
Defeat
🇺🇸 Poles · United States
855
+17
🇲🇽 Japanese · Mexico
884
-17
samquaintance
7:22 Loom
9:43 Feudal Age
14:06 Castle Age
13:37 Double-Bit Axe
14:14 Horse Collar
22:48 Heavy Plow
23:49 Scale Barding Armor
23:35 Light Cavalry
24:20 Husbandry
24:31 Bloodlines
28:26 Forging
28:37 Chain Barding Armor
32:52 Iron Casting
37:39 Imperial Age
36:32 Szlachta Privileges
39:14 Cavalier
[VL] Meb
10:40 Feudal Age
13:59 Wheelbarrow
13:22 Horse Collar
14:47 Forging
17:38 Castle Age
16:54 Stone Mining
17:24 Gold Mining
19:19 Loom
19:20 Town Watch
20:35 Iron Casting
22:08 Double-Bit Axe
22:30 Heavy Plow
23:34 Fletching
31:41 Bodkin Arrow
34:17 Hand Cart
39:08 Imperial Age
39:31 Scale Mail Armor
Connection lost

Rejoining the realm…

Still unreachable

The connection could not be restored.

Session expired

The server has moved on; the page needs a fresh start.